 Dungeon Crawl Stone Soup version 0.21-a0-210-gbfa5647 (webtiles) character file.

570 KristoblXynda the Sneak (level 7, -9/32 HPs)
             Began as a Spriggan Enchanter on Aug 21, 2017.
             Killed from afar by crawlian's ghost (18 damage)
             ... with a flame tongue
             ... on level 4 of the Dungeon.
             The game lasted 00:10:42 (6097 turns).

KristoblXynda the Sneak (Spriggan Enchanter)        Turns: 6097, Time: 00:10:43

Health: -9/32      AC:  3    Str:  5    XL:     7   Next: 11%
Magic:  8/17       EV: 18    Int: 21    God:
Gold:   138        SH:  0    Dex: 16    Spells: 12/18 levels left

rFire    . . .     SeeInvis +   t - +2 dagger (venom)
rCold    . . .     Gourm    .   (shield restricted)
rNeg     . . .     Faith    .   b - +1 robe
rPois    .         Spirit   .   (helmet restricted)
rElec    .         Reflect  .   (no cloak)
rCorr    .         Harm     .   (gloves unavailable)
MR       +....                  (boots unavailable)
Stlth    ++........             (no amulet)
HPRegen  0.10/turn              q - +3 ring of intelligence
MPRegen  0.15/turn              (no ring)

@: slow
A: unfitting armour, see invisible, herbivore 3, speed 3, slow metabolism 2
a: no special abilities


You were on level 4 of the Dungeon.
You were not hungry.

You visited 1 branch of the dungeon, and saw 4 of its levels.
You also visited: Sewer.

You collected 138 gold pieces.

Inventory:

Hand Weapons
 t - a +2 dagger of venom (weapon)
 v - a +2 dagger of electrocution
Armour
 b - a +1 robe (worn)
Jewellery
 q - a +3 ring of intelligence (left hand)
Wands
 u - a wand of digging (21/24)
Scrolls
 h - 2 scrolls of immolation
 n - 2 scrolls of magic mapping
 r - a scroll of enchant armour
Potions
 a - 2 potions of flight {unknown}
 e - 4 potions of curing
 g - a potion of magic {unknown}
 i - a potion of might {unknown}
 j - a potion of agility {unknown}
 k - a potion of mutation {unknown}
 l - a potion of lignification {unknown}
 m - a potion of invisibility {unknown}
 o - a potion of ambrosia {unknown}
 p - 6 potions of heal wounds {unknown}
 s - a potion of haste {unknown}
 w - 2 potions of brilliance
Books
 c - a book of Maledictions

   Spells                             Type                      Level
   a - Corona                         Hexes                        1
   b - Ensorcelled Hibernation        Hexes/Ice                    2
   c - Confuse                        Hexes                        3
   d - Tukima's Dance                 Hexes                        3
   e - Dazzling Spray                 Conjuration/Hexes            3
Comestibles
 d - 2 bread rations


   Skills:
 - Level 1.1 Short Blades
 - Level 3.0 Dodging
 + Level 7.8 Stealth
 + Level 6.0 Spellcasting
 + Level 6.5 Hexes


You had 12 spell levels left.
You knew the following spells:

 Your Spells              Type           Power        Failure   Level  Hunger
a - Corona                Hex            ####...      1%          1    None
b - Ensorcelled Hibernat  Hex/Ice        ###...       3%          2    None
c - Confuse               Hex            ####....     1%          3    ##.....


Dungeon Overview and Level Annotations

Branches:
Dungeon (4/15)
 Temple: D:4-7

Altars:
Qazlal
Ru

Shops:
D:4 *(

Annotations:
D:4 crawlian's ghost, amateur DEFE


Innate Abilities, Weirdness & Mutations

You are very small and have problems with some larger weapons.
You are too small for most types of armour.
You have supernaturally acute eyesight. (SInv)
You are a herbivore.
You cover ground extremely quickly.
You need consume almost no food.


Message History

Crawlian's ghost is lightly damaged.
The phantom misses you. Crawlian's ghost closely misses you.
The phantom hits you.
The phantom blinks!
You hit crawlian's ghost.
Crawlian's ghost is lightly damaged.
You barely miss crawlian's ghost.
Crawlian's ghost is lightly damaged.
You catch the helpless crawlian's ghost completely off-guard!
You puncture crawlian's ghost!
Crawlian's ghost is almost destroyed.
The phantom blinks!
You feel better.
Crawlian's ghost seems less confused.
Crawlian's ghost casts a spell at you. The flame tongue hits you!
* * * LOW HITPOINT WARNING * * *
Crawlian's ghost points at you and mumbles some strange words.
The flame tongue hits you!
Ouch! That really hurt!
You die...

,,,,*,,*
####.....###...(.,,,
,,,,*,,**
###.......%.##**#..,,,
,,,,*#,,* ##<...§W......#
**,,,,
,,,,*#.,**#.............#
***,,
,,,***#.,##.............#*
*** ,,,*
*#.#.........$.....# ,,,*
#....W.####.###...# ,,,*
##...'##W≈###≈#...# ,,**
#...#≈÷§@≈≈'.#...# ,,*
##..#≈W≈≈≈≈'≈#...# ,**
#..+##≈≈###≈#,,.# **
##..,####,###,,,* *
#..,,,,,,,,,,,** *
##.*,,,,,,,,*** **
*#.*,,,,**** *, *,******
*, **,************** *,


You could see a phantom and crawlian's ghost.

Vanquished Creatures
  The ghost of Gorglomux the Skirmisher, an amateur HOAK of Lugonu (D:3)
  3 big kobolds (Sewer)
  An orc wizard (D:2)
  7 river rats (Sewer)
  7 adders
  An ooze (Sewer)
  A worm (D:3)
  4 dart slugs
  2 leopard geckos
  10 orcs (D:3)
  5 ball pythons (Sewer)
  3 giant cockroaches
  7 goblins
  5 hobgoblins
  19 kobolds
  A quokka (D:2)
  4 bats
  6 frilled lizards
  22 rats
109 creatures vanquished.

Vanquished Creatures (others)
  A leopard gecko (D:4)
1 creature vanquished.

Grand Total: 110 creatures vanquished

Notes
Turn   | Place    | Note
-------+----------+-------------------------------------------
     0 | D:1      | KristoblXynda the Spriggan Enchanter began the quest for the Orb.
     0 | D:1      | Reached XP level 1. HP: 9/9 MP: 5/5
   404 | D:1      | Reached XP level 2. HP: 10/13 MP: 7/7
  1046 | D:1      | Learned a level 2 spell: Ensorcelled Hibernation
  1726 | D:2      | Reached skill level 5 in Stealth
  1778 | D:2      | Found a sacrificial altar of Ru.
  1789 | D:2      | Reached XP level 3. HP: 11/16 MP: 1/8
  1834 | D:2      | Reached XP level 4. HP: 17/21 MP: 4/10
  2250 | D:2      | Found a stormy altar of Qazlal.
  2287 | D:2      | Learned a level 3 spell: Confuse
  2747 | D:3      | Reached skill level 6 in Stealth
  3008 | D:3      | Reached skill level 5 in Hexes
  3437 | D:3      | Reached XP level 5. HP: 24/24 MP: 12/12
  3584 | D:3      | Noticed Gorglomux's ghost (amateur HOAK)
  3611 | D:3      | Killed Gorglomux's ghost
  3805 | D:4      | Noticed crawlian's ghost (amateur DEFE)
  3807 | D:4      | Found Kok Ifukk's Antique Weapon Boutique.
  3813 | D:4      | Found Oxeroatu's Assorted Antiques.
  3834 | D:4      | Noticed a phantom
  3864 | D:4      | Found a glowing drain.
  3868 | Sewer    | Entered a sewer
  4149 | Sewer    | Reached XP level 6. HP: 28/28 MP: 8/14
  4158 | Sewer    | Reached skill level 7 in Stealth
  4302 | Sewer    | Reached skill level 5 in Spellcasting
  5747 | Sewer    | Reached XP level 7. HP: 10/32 MP: 3/17
  6097 | D:4      | Killed from afar by crawlian's ghost

Vault maps used:
D:1:      minmay_arrival_open_corners
D:2:      lemuel_crystal_altar, first_bread, nicolae_ru_great_annihilating_truth
D:3:      kennysheep_big_empty_room
D:4:      gup_sewer_entry_bowl, serial_shops, shop, shop, nicolae_shop_crystal,
          kennysheep_little_box, shop
Sewer:    sewer_minmay_treatment

Skill      XL: |  1  2  3  4  5  6 |
---------------+-------------------+-----
Spellcasting   | 3 4 6 |  6.0
Hexes          | 4 5 6 |  6.5
Stealth        | 5 6 7 |  7.8
Short Blades   | |  1.1
Dodging        | |  3.0

Action                   |  1- 3 |  4- 6 |  7- 9 || total
-------------------------+-------+-------+-------++-------
Melee: Dagger            |    93 |   238 |     5 ||   336
 Cast: Ensorcelled Hiber |     5 |    32 |       ||    37
       Confuse           |       |    14 |     4 ||    18
  Use: Scroll            |       |     7 |       ||     7
       Potion            |       |     1 |     1 ||     2
 Stab: Sleeping          |     8 |    26 |       ||    34
       Confused          |       |     9 |     1 ||    10
  Eat: Royal jelly       |       |     1 |       ||     1
       Bread ration      |       |     1 |       ||     1
Armor: Robe              |       |    24 |       ||    24
Dodge: Dodged            |    62 |   226 |     7 ||   295

Table legend:
 A = Spawn XP
 B = Non-spawn XP
 C = Spawn XP percentage of total XP
 D = Spawn monster count
 E = Non-spawn monster count
 F = Spawn count percentage of total count
 G = Total turns spent on level
                    A         B        C        D         E        F      G
               +---------+---------+-------+---------+---------+-------+---------
         Total |      24 |     791 |   2.9 |       7 |     102 |   6.4 |  6097
               +---------+---------+-------+---------+---------+-------+---------
           D:1 |       8 |      28 |  22.2 |       5 |      12 |  29.4 |  1651
           D:2 |      16 |      82 |  16.3 |       2 |      13 |  13.3 |   834
           D:3 |       0 |     226 |   0.0 |       0 |      27 |   0.0 |  1302
           D:4 |       0 |       4 |   0.0 |       0 |       2 |   0.0 |   102
         Sewer |       0 |     451 |   0.0 |       0 |      48 |   0.0 |  2208
               +---------+---------+-------+---------+---------+-------+---------
